 Dungeon Crawl Stone Soup version 0.31-a0-981-geadf994542 (webtiles) character file.

Game seed: 3415100109834077876

114 jestert79 the Changeling (level 4, -3/32 HPs)
             Began as a Merfolk Shapeshifter on Nov 1, 2023.
             Was a Follower of Nemelex Xobeh.
             Killed by divine providence
             ... invoked by an orc priest
              (11 damage)
             ... on level 3 of the Dungeon.
             The game lasted 00:04:19 (1588 turns).

jestert79 the Changeling (Merfolk Shapeshifter)     Turns: 1588, Time: 00:04:19

Health: -3/32      AC:  2    Str: 16    XL:     4   Next: 98%
Magic:  4/4        EV: 12    Int:  9    God:    Nemelex Xobeh [*.....]
Gold:   94         SH:  0    Dex: 13    Spells: 3/3 levels left

rFire   . .          .
                       - Unarmed
rCold   . . .        (no shield)
rNeg    . . .        a - +0 animal skin
rPois   .            (helmet currently unavailable)
rElec   .            j - melded +1 cloak
rCorr   .            (gloves currently unavailable)
SInv    .            n - melded +1 pair of boots
Will    .....        (no amulet)
Stlth   +            (no ring)
HPRegen 0.25/turn    (no ring)
MPRegen 0.09/turn

%: no passive effects
@: beast-form
A: beast (slay +3), (nimble swimmer 2), mertail
a: Begin Untransformation, Renounce Religion, Draw Escape, Draw Destruction,
Draw Summoning


You were on level 3 of the Dungeon.
You worshipped Nemelex Xobeh.
Nemelex Xobeh was aware of your devotion.
You were a hulking beast.
You visited 1 branch of the dungeon, and saw 3 of its levels.

You collected 94 gold pieces.

Inventory:

Missiles
 g - 6 poisoned darts
Armour
 a - a +0 animal skin (worn)
 j - a +1 cloak (melded)
 n - a +1 pair of boots (melded)
 r - a +2 helmet
Jewellery
 f - an amulet of magic regeneration
Talismans
 c - a beast talisman (active)
 d - a flux talisman
Scrolls
 e - 4 scrolls of identify {unknown}
 h - a scroll of enchant weapon {unknown}
 i - 2 scrolls of teleportation {unknown}
 m - a scroll of poison {unknown}
 p - a scroll of amnesia {unknown}
Potions
 b - 2 potions of lignification
 k - a potion of mutation {unknown}
 l - a potion of curing {unknown}
 o - a potion of heal wounds {unknown}
 q - a potion of haste {unknown}


   Skills:
 - Level 1.1 Fighting
 - Level 2.6 Dodging
 + Level 4.8 Unarmed Combat
 + Level 5.5 Shapeshifting


You had 3 spell levels left.
You didn't know any spells.
Your spell library contained the following spells:

 Spells                   Type           Power      Damage    Failure   Level
 Simulacrum               Ice/Necr       0%         N/A       100%        6
 Ozocubu's Refrigeration  Ice            0%         4d7       100%        7
 Polar Vortex             Ice            0%         N/A       100%        9


Dungeon Overview and Level Annotations

Branches:
Dungeon (3/15)

Altars:
Nemelex Xobeh
Uskayaw
Vehumet


Innate Abilities, Weirdness & Mutations

You are a hulking beast.
Your limbs bulge with bestial killing power. (Slay +3)
((You are very nimble when in or above water. (Stealth+, EV+, Speed+++)))
Your lower body shifts to a powerful aquatic tail in water.


Message History

An orc comes into view. It is wielding a +0 mace.
Things that are here:
a +0 flail; an orc corpse
Okay, then.
Unknown command.
Unknown command.
You closely miss the orc. You punch the orc.
The orc is moderately wounded.
The orc completely misses you.
You closely miss the orc. You punch the orc.
The orc is heavily wounded.
The orc hits you with a +0 mace.
You hit the orc but do no damage.
The orc is heavily wounded.
The orc barely misses you.
You hit the orc.
You kill the orc!
You hit the endoplasm.
The endoplasm is severely wounded.
The endoplasm closely misses you.
An orc comes into view. It is wielding a +0 flail.
You hit the endoplasm.
You kill the endoplasm!
You hit the orc priest.
The orc priest is moderately wounded.
The orc priest hits you with a +0 hand axe.
You barely miss the orc priest.
The orc priest is moderately wounded.
The orc priest hits you with a +0 hand axe.
You punch the orc priest!
The orc priest is almost dead.
The orc priest mumbles some strange prayers to Beogh against you.
Beogh smites you!
* * * LOW HITPOINT WARNING * * *
You closely miss the orc priest. Your punch misses the orc priest.
The orc priest is almost dead.
The orc priest invokes the aid of Beogh against you.
Beogh smites you!
You die...
Your body disappears without a glow.

...#)##.##.##.. #
#..#.P.. .....#
##.#♣.♣.
.♣.♣###.#....P..
.#.# #'##...
..............♣.
....# ..♣.♣. ♣.♣.
.......♣P. .. ..#
.....
...##.#..PP♣♣. ##
..# ♣.♣.
♣.♣.....P♣♣♣...
...# ..o
.....PP♣♣♣P...
♣o♣#♣#♣##...P♣P.P..
#h................
+.................
#...........###.#.
#.........### #...
+.........# #.#.
#.........# #.#.
#........... #...
#.........### ###
#.........#


You could see an orc priest and an orc.

Vanquished Creatures
  A howler monkey (D:3)
  2 adders (D:3)
  A dart slug (D:1)
  2 orcs (D:3)
  2 ball pythons
  3 bats (D:1)
  7 endoplasms
  5 giant cockroaches
  5 goblins
  3 hobgoblins (D:1)
  4 jackals (D:1)
  4 kobolds
  2 quokkas
  A frilled lizard (D:3)
  8 rats
50 creatures vanquished.

Notes
Turn   | Place    | Note
-------+----------+-------------------------------------------
     0 | D:1      | jestert79 the Merfolk Shapeshifter began the quest for the
                  | Orb.
     0 | D:1      | Reached XP level 1. HP: 15/15 MP: 1/1
    91 | D:1      | Reached XP level 2. HP: 21/21 MP: 2/2
   210 | D:1      | HP: 1/21 [kobold/+0 dagger (3)]
   368 | D:1      | Reached XP level 3. HP: 22/26 MP: 3/3
   929 | D:2      | Found a hide-covered altar of Uskayaw.
  1271 | D:3      | Found a faded altar of an unknown god.
  1275 | D:3      | Found a radiant altar of Vehumet.
  1281 | D:3      | Prayed at the altar of an unknown god.
  1281 | D:3      | Became a worshipper of Nemelex Xobeh the Trickster
  1281 | D:3      | Reached * piety under Nemelex Xobeh
  1301 | D:3      | Reached skill level 5 in Shapeshifting
  1330 | D:3      | Reached XP level 4. HP: 28/32 MP: 4/4
  1525 | D:3      | Received a gift from Nemelex Xobeh
  1588 | D:3      | Killed from afar by an orc priest

Illustrated notes

Levels and vault maps discovered:
D:1:      ldierk_walled_garden_2, layout_rooms, nicolae_the_louvre
D:2:      layout_basic, basic_altar
D:3:      layout_basic, nicolae_overflow_ecumenical_swirl, serial_forest,
          infiniplex_forest_lined_4_way, infiniplex_forest_end_3,
          infiniplex_forest_lined_room_3, infiniplex_forest_clump_curved,
          infiniplex_forest_straight_2, infiniplex_forest_clump_curved,
          infiniplex_forest_clump_diagonal, infiniplex_forest_corner_2

Skill      XL: |  1  2  3 |
---------------+----------+-----
Unarmed Combat | 4 |  4.8
Shapeshifting  | 5 |  5.5
Fighting       | |  1.1
Dodging        | |  2.6

Action                     |  1- 3 |  4- 6 || total
---------------------------+-------+-------++-------
  Melee: Unarmed           |   106 |    30 ||   136
         Punch             |     2 |     3 ||     5
 Armour: Animal skin       |    50 |    12 ||    62
  Dodge: Dodged            |    60 |    10 ||    70
   Form: Beast             |     2 |       ||     2
                           |     1 |       ||     1

Table legend: (Time is in decaauts)
 A = Elapsed time spent in this place.
 B = Non-inter-level travel time spent in this place.
 C = Inter-level travel time spent in this place.
 D = Time resting spent in this place.
 E = Time spent auto-exploring this place.
 F = Levels seen in this place.
 G = Mean time per level.
                   A        B        C        D        E       F      G
               +--------+--------+--------+--------+--------+-----+--------+
         Total |   1573 |   1499 |     74 |    182 |    939 |   3 |  524.3 |
       Dungeon |   1573 |   1499 |     74 |    182 |    939 |   3 |  524.3 |
               +--------+--------+--------+--------+--------+-----+--------+

Top non-repeatable levels by time:
     D:1: 712 daAuts
     D:2: 542 daAuts
     D:3: 319 daAuts
